 Dungeon Crawl Stone Soup version 0.28-b1-25-g9875b3fc8c (webtiles) character file.

Game seed: 9986760053468548639

6 comborobin the Sneak (level 1, 0/18 HPs)
             Began as a Demigod Delver on Feb 2, 2022.
             Slain by a hound (4 damage)
             ... on level 4 of the Dungeon.
             The game lasted 00:00:57 (177 turns).

comborobin the Sneak (Demigod Delver)                Turns: 177, Time: 00:00:58

Health: 0/18       AC:  3    Str: 13    XL:     1   Next: 60%
Magic:  3/3        EV: 11    Int: 12    God:
Gold:   0          SH:  0    Dex: 15    Spells: 0/0 levels left

rFire   . . .      SeeInvis .   a - +0 mace
rCold   . . .      Faith    .   (no shield)
rNeg    . . .      Spirit   .   b - +0 leather armour
rPois   .          Reflect  .   (no helmet)
rElec   .          Harm     .   (no cloak)
rCorr   .          Rampage  .   (no gloves)
Will    .....                   (no boots)
Stlth   +++.......              (no amulet)
HPRegen 0.06/turn               (no ring)
MPRegen 0.08/turn               (no ring)

@: attractive, hasted, very quick
A: high MP 1, forlorn, divine attributes
a: no special abilities


You were on level 4 of the Dungeon.
You visited 1 branch of the dungeon, and saw 4 of its levels.

Inventory:

Hand Weapons
 a - a +0 mace (weapon)
Armour
 b - a +0 leather armour (worn)
Wands
 g - a wand of digging (3)
 h - a wand of acid (4)
Scrolls
 c - a scroll of fog
 d - a scroll of magic mapping
 e - a scroll of fear
Potions
 l - a potion of flight


   Skills:
 - Level 2.6 Fighting
 + Level 2.3 Maces & Flails
 - Level 1.7 Dodging
 - Level 4.5 Stealth


You couldn't memorise any spells.
You didn't know any spells.
Your spell library was empty.

Dungeon Overview and Level Annotations

Branches:
Dungeon (5/15)
 Temple: D:4-7

Shops:
D:5 [

Annotations:
D:4 1 transporter, cbfl8's ghost, amateur MiDe
D:5 1 runed translucent door


Innate Abilities, Weirdness & Mutations

You have an increased reservoir of magic. (+10% MP)
You shall have no god before yourself.
Your divine heritage dramatically boosts your attributes as you level up.


Message History

Unknown command.
You see here a jackal corpse.
You see here a jackal corpse.
You hit the bat.
The bat is severely wounded.
The bat closely misses you.
You hit the bat.
You kill the bat!
There is a stone staircase leading down here.
You climb downwards.
You hear the sound of rushing water.
There is an entrance to a sewer on this level.
Hurry and find it before the portal rusts away!
Level annotation: 1 transporter, cbfl8's ghost, amateur MiDe You hear the slow rusting of a distant drain.
There is a stone staircase leading up here.
As you read the scroll labelled XOCEYC TARRUSI, it crumbles to dust.
You hear a loud clanging noise!
It was a scroll of noise.
You hear a shout!
You hear a bark!
You hear a shout! x2
You hear an angry hiss.
You hear a shout! x3
As you read the scroll labelled TUEVASO QINAAT, it crumbles to dust.
It is a scroll of identify.
l - a potion of flight It was a potion of attraction.
You feel attractive to monsters.
You start resting.
A hound comes into view.
The hound is attracted toward you. The hound is attracted toward you.
The hound barks!
You hit the hound but do no damage. The hound bites you.
* * * LOW HITPOINT WARNING * * *
You barely miss the hound. The hound closely misses you.
You hit the hound.
The hound is lightly wounded.
The hound closely misses you. x2
You barely miss the hound.
The hound is lightly wounded.
The hound bites you.
You die...

#. #. ..#. .#.## .... #
#..## ## ###.#...#
#.....#.#...#
#.#.#.#....<# #
#####.#...#.#.@##.#.#.
#..............h......
#..##.#.#.#.#...#.####
#..##.#.#...#.#.#....
#.>...................
#.###.................
..........#...#.#...####
###.###########.#.#.# #.
........


You could see a hound.

Vanquished Creatures
  4 jackals (D:3)
  A bat (D:3)
5 creatures vanquished.

Notes
Turn   | Place    | Note
-------+----------+-------------------------------------------
     0 | D:5      | comborobin the Demigod Delver began the quest for the Orb.
     0 | D:5      | Reached XP level 1. HP: 18/18 MP: 3/3
    17 | D:5      | Found a runed translucent door.
    31 | D:4      | Noticed cbfl8's ghost (amateur MiDe)
    32 | D:4      | Found a transporter.
   172 | D:4      | Noticed a hound
   177 | D:4      | Slain by a hound

Illustrated notes

Levels and vault maps discovered:
D:2:      layout_basic
D:3:      layout_rooms, dreamdust_ecumenical_altar_angels_and_demons,
          st_stairs_5, roderic_serpentine_path, kennysheep_flooded_box
D:4:      layout_basic, lemuel_round_altar, temple_statues,
          lightli_sewer_entry_pipes, gammafunk_ghost_arena, due_unseen_surprise,
          uniq_blork_the_orc
D:5:      layout_cave_pools, trog_butcher_becter, nzn_wu_jian_council_hall,
          serial_shops, nicolae_stop_n_shop_1, ebering_ghost_sewer_f, uniq_ijyb,
          uniq_menkaure, uniq_eustachio

Skill      XL: |  1 |
---------------+----+-----
Maces & Flails | 2 |  2.3
Fighting       | |  2.6
Dodging        | |  1.7
Stealth        | |  4.5

Action                   || total
-------------------------++-------
Melee: Mace              ||    10
Evoke: Wand              ||     1
  Use: Scroll            ||     2
       Potion            ||     2
Armor: Leather armour    ||     6
Dodge: Dodged            ||    14
